 Dungeon Crawl Stone Soup version 0.27-a0-385-g3208abaabc (webtiles) character file.

Game seed: 15357907208049341785

32 kae the Insei (level 3, -1/26 HPs)
             Began as a Demonspawn Transmuter on Feb 19, 2021.
             Slain by a leopard gecko (3 damage)
             ... on level 1 of the Dungeon.
             The game lasted 00:01:20 (1044 turns).

kae the Insei (Demonspawn Transmuter)               Turns: 1044, Time: 00:01:21

Health: -1/26      AC:  2    Str: 11    XL:     3   Next: 10%
Magic:  5/6        EV: 12    Int: 14    God:
Gold:   39         SH:  0    Dex: 13    Spells: 5/6 levels left

rFire    . . .     SeeInvis .     - Unarmed
rCold    . . .     Faith    .   (no shield)
rNeg     . . .     Spirit   .   a - +0 robe
rPois    .         Reflect  .   (helmet currently unavailable)
rElec    .         Harm     .   (no cloak)
rCorr    .         Rampage  .   (no gloves)
Will     .....                  (boots currently unavailable)
Stlth    +.........             (no amulet)
HPRegen  0.08/turn              (no ring)
MPRegen  0.10/turn              (no ring)

@: appendages (expiring)
A: horns 2, talons 2, foul stench 1
a: End Transformation


You were on level 1 of the Dungeon.
You had grown temporary horns.
You had grown temporary talons.
You visited 1 branch of the dungeon, and saw 1 of its levels.

You collected 39 gold pieces.

Inventory:

Armour
 a - a +0 robe (worn)
Scrolls
 b - a scroll of fog {unknown}
 c - a scroll of noise {unknown}
 d - a scroll of enchant armour {unknown}
 e - a scroll of identify {unknown}


   Skills:
 + Level 1.3 Fighting
 + Level 2.0 Dodging
 * Level 3.0 Unarmed Combat
 + Level 2.1 Spellcasting
 * Level 2.4 Transmutations


You had 5 spell levels left.
You knew the following spells:

 Your Spells              Type           Power        Failure   Level
a - Beastly Appendage     Tmut           16%          9%          1

Your spell library contained the following spells:

 Spells                   Type           Power        Failure   Level
 Wereblood                Tmut           8%           13%         2
 Spider Form              Tmut/Pois      2%           38%         3
 Ice Form                 Ice/Tmut       4%           80%         4
 Blade Hands              Tmut           4%           94%         5


Dungeon Overview and Level Annotations

Branches:
Dungeon (1/15)

Altars:


Innate Abilities, Weirdness & Mutations

You may rarely emit foul miasma when damaged in melee.
You have a pair of horns on your head.
You have razor-sharp toenails.


Message History

You hit the ball python.
You kill the ball python!
The jackal barely misses you.
You hit the jackal but do no damage.
The jackal bites you but does no damage.
You hit the jackal. Your kick misses the jackal.
The jackal is moderately wounded.
The jackal bites you.
You hit the jackal.
You kill the jackal!
You closely miss the leopard gecko. You claw the leopard gecko.
Your headbutt misses the leopard gecko.
The leopard gecko is almost dead.
The leopard gecko bites you.
* * * LOW HITPOINT WARNING * * *
You miss the leopard gecko. Your kick misses the leopard gecko.
The leopard gecko is almost dead.
Your transformation is almost over.
The leopard gecko bites you.
* * * LOW HITPOINT WARNING * * *
You hit the leopard gecko.
You kill the leopard gecko!
Your Dodging skill increases to level 2!
You closely miss the leopard gecko. The leopard gecko closely misses you.
You hit the leopard gecko but do no damage.
The leopard gecko misses you.
You hit the leopard gecko.
The leopard gecko is lightly wounded.
The leopard gecko misses you. The leopard gecko bites you.
* * * LOW HITPOINT WARNING * * *
You barely miss the leopard gecko.
The leopard gecko is lightly wounded.
The leopard gecko closely misses you.
You hit the leopard gecko. Your kick misses the leopard gecko.
The leopard gecko is severely wounded.
The leopard gecko closely misses you.
You closely miss the leopard gecko.
The leopard gecko is severely wounded.
The leopard gecko bites you.
You die...

#. ###.#.##....#### #.
#..>.....##.#### #.
#........##....### ##.#
#........#####....
##...## #...>....#
###..
..#§§≈..#####.##.###
#.. ..$.§≈≈...# #.#..#
#.. .#..≈..#w###...##
#.. ##...##gl@...## #..
##g#######.## #..
.l?##......## ##..
l..##........## #...
..w###..........#
#######..# ...
#..........###........#
..
#..........##..##......
#..........#..##.......
#............##........


You could see a dart slug, a leopard gecko and a goblin.

Vanquished Creatures
  2 oozes (D:1)
  2 dart slugs (D:1)
  A leopard gecko (D:1)
  2 hobgoblins (D:1)
  3 jackals (D:1)
  A ball python (D:1)
  A frilled lizard (D:1)
  3 goblins (D:1)
  3 kobolds (D:1)
18 creatures vanquished.

Notes
Turn   | Place    | Note
-------+----------+-------------------------------------------
     0 | D:1      | kae the Demonspawn Transmuter began the quest for the Orb.
     0 | D:1      | Reached XP level 1. HP: 15/15 MP: 3/3
   412 | D:1      | Gained mutation: You may rarely emit foul miasma when
                  | damaged in melee. [demonic ancestry]
   412 | D:1      | Reached XP level 2. HP: 21/21 MP: 3/5
   764 | D:1      | Reached skill level 3 in Unarmed Combat
  1024 | D:1      | Reached XP level 3. HP: 11/26 MP: 4/6
  1044 | D:1      | Slain by a leopard gecko

Illustrated notes

Levels and vault maps discovered:
D:1:      dpeg_arrival_rhombi, layout_rooms, amcnicky_mini_pool_small

Skill      XL: |  1  2  3 |
---------------+----------+-----
Transmutations | 2 |  2.4
Unarmed Combat | 3 |  3.0
Dodging        | 2 |  2.0
Fighting       | |  1.3
Spellcasting   | |  2.1

Action                   || total
-------------------------++-------
Melee: Unarmed           ||    59
       Kick              ||     9
       Punch             ||     1
       Headbutt          ||     4
 Cast: Beastly Appendage ||    12
Armor: Robe              ||     4
Dodge: Dodged            ||    37

Table legend: (Time is in decaauts)
 A = Elapsed time spent in this place.
 B = Non-inter-level travel time spent in this place.
 C = Inter-level travel time spent in this place.
 D = Time resting spent in this place.
 E = Time spent auto-exploring this place.
 F = Levels seen in this place.
 G = Mean time per level.
                   A        B        C        D        E       F      G
               +--------+--------+--------+--------+--------+-----+--------+
         Total |   1040 |   1040 |      0 |      0 |    900 |   1 | 1040.0 |
       Dungeon |   1040 |   1040 |      0 |      0 |    900 |   1 | 1040.0 |
               +--------+--------+--------+--------+--------+-----+--------+

Top non-repeatable levels by time:
     D:1: 1040 daAuts
